 Dungeon Crawl Stone Soup version 0.22.1-2-g9c5b331 (webtiles) character file.

54092 dvd the Peltast (level 14, -37/128 HPs)
             Began as a Minotaur Chaos Knight on Dec 6, 2018.
             Was a High Priest of Okawaru.
             Annihilated by a spriggan rider
             ... wielding a +0 spear
              (49 damage)
             ... on level 6 of the Lair of Beasts.
             The game lasted 00:52:08 (18098 turns).

dvd the Peltast (Minotaur Chaos Knight)            Turns: 18098, Time: 00:52:09

Health: -37/128    AC: 16    Str: 25    XL:     14   Next: 33%
Magic:  19/19      EV: 14    Int:  7    God:    Okawaru [*****.]
Gold:   827        SH:  0    Dex: 16    Spells: 13/13 levels left

rFire    . . .     SeeInvis +   a - +3 broad axe (elec)
rCold    + . .     Gourm    .   d - +0 large shield
rNeg     + . .     Faith    .   t - +2 scale mail {rPois}
rPois    +         Spirit   .   U - +2 hat {SInv}
rElec    .         Reflect  .   o - scarf {repulsion}
rCorr    .         Harm     .   E - +0 pair of gloves
MR       +....     Rnd*Tele +   (no boots)
Stlth    +++.......             J - amulet of regeneration
HPRegen  0.71/turn              F - ring "Xuvayxen" {rC+ rN+ Str+7 Int-2 Stlth+}
MPRegen  0.16/turn              Y - +3 ring of evasion

@: sleeping, repel missiles
A: retaliatory headbutt, horns 2, rugged brown scales 1, thin skeletal structure
1, high mp 2, teleportitis 1
a: Heroism, Finesse, Renounce Religion


You were on level 6 of the Lair of Beasts.
You worshipped Okawaru.
Okawaru was extremely pleased with you.
You were not hungry.

You visited 3 branches of the dungeon, and saw 19 of its levels.
You also visited: Volcano.

You collected 1751 gold pieces.
You spent 924 gold pieces at shops.

Inventory:

Hand Weapons
 a - a +3 broad axe of electrocution (weapon)
 l - the +1 broad axe "Oste" {holy, rF+ Int+4}
   (Okawaru gifted it to you on level 6 of the Lair of Beasts)

   It has been blessed by the Shining One to cause great damage to the undead
   and demons.
   It affects your intelligence (+4).
   It protects you from fire.
Missiles
 u - 8 tomahawks (quivered)
 T - 6 javelins
Armour
 b - a +2 leather armour
 d - a +0 large shield (worn)
 o - a scarf of repulsion (worn)
 t - a +2 scale mail of poison resistance (worn)
 D - the +1 plate armour "Cyvosy" {rC+}
   (You bought it in a shop on level 10 of the Dungeon)

   It protects you from cold.
 E - a +0 pair of gloves (worn)
 S - a +0 plate armour of poison resistance
 U - a +2 hat of see invisible (worn)
 W - a +2 ring mail of fire resistance
 X - the +1 leather armour of Ycwoelu {+Inv Dex+7}
   (You found it on level 1 of the Lair of Beasts)

   It affects your dexterity (+7).
   It lets you turn invisible.
Jewellery
 k - an uncursed ring of flight
 v - a +4 ring of strength
 y - an uncursed ring of poison resistance
 F - the ring "Xuvayxen" (left hand) {rC+ rN+ Str+7 Int-2 Stlth+}
   (You acquired it on level 8 of the Dungeon)

   [ring of protection from cold]

   It affects your strength (+7).
   It affects your intelligence (-2).
   It protects you from cold.
   It protects you from negative energy.
   It makes you more stealthy.
 H - a +2 ring of intelligence
 I - an uncursed ring of fire
 J - an amulet of regeneration (around neck)
 Q - an uncursed amulet of the acrobat
 Y - a +3 ring of evasion (right hand)
Wands
 G - a wand of polymorph (11)
 K - a wand of iceblast (19)
 L - a wand of acid (19)
 P - a wand of paralysis (14)
 Z - a wand of random effects (27)
Scrolls
 i - a scroll of summoning
 m - 2 scrolls of enchant armour
 n - 10 scrolls of identify
 r - 2 scrolls of blinking
 s - 10 scrolls of remove curse
 x - 3 scrolls of fog
 M - 4 scrolls of teleportation
Potions
 f - 4 potions of might
 g - 2 potions of lignification
 h - 6 potions of curing
 p - a potion of cancellation
 z - 2 potions of flight
 A - a potion of berserk rage
 B - a potion of agility
 C - a potion of brilliance
 N - 2 potions of resistance
 O - a potion of mutation
 R - 4 potions of heal wounds
Comestibles
 c - 37 rations
 j - 21 chunks of flesh


   Skills:
 + Level 11.6 Fighting
 + Level 15.4 Axes
 + Level 5.2 Throwing
 + Level 12.7 Armour
 + Level 4.8 Dodging
 + Level 3.1 Stealth
 + Level 15.7 Shields
 + Level 4.1 Invocations
 + Level 1.0 Evocations


You had 13 spell levels left.
You didn't know any spells.
Your spell library contained the following spells:

 Spells                   Type           Power        Failure   Level  Hunger
 Corona                   Hex            #......      96%         1    ##.....
 Magic Dart               Conj           #...         96%         1    ##.....
 Ensorcelled Hibernation  Hex/Ice        #.....       99%         2    ###....
 Searing Ray              Conj           #.....       99%         2    ###....
 Confuse                  Hex            #.......     100%        3    ####...
 Dazzling Spray           Conj/Hex       #.....       100%        3    ####...
 Tukima's Dance           Hex            #.......     100%        3    ####...
 Force Lance              Conj/Tloc      #.......     100%        4    #####..
 Fulminant Prism          Conj/Hex       #.........   100%        4    #####..
 Iskenderun's Mystic Bla  Conj           #.......     100%        4    #####..


Dungeon Overview and Level Annotations

Branches:
Dungeon (12/15)            Temple (0/1) D:5            Lair (6/6) D:10
  Swamp (0/4) Lair:2        Snake (0/4) Lair:2        Slime (0/5) Lair:6
    Orc (1/2) D:12

Altars:
Fedhas
Gozag
Hepliaklqana
Kikubaaqudgha
Okawaru
Qazlal
Sif Muna
Xom
Zin
Beogh

Shops:
D:10 [

Annotations:
D:9 2 transporters, poxu's ghost, novice CeHu
Abyss:1 Erolcha; Harold; Kirke; Sigmund; Urug


Innate Abilities, Weirdness & Mutations

You reflexively headbutt those who attack you in melee.
You have a pair of horns on your head.
You are partially covered in rugged brown scales. (AC +1, +3% HP)
You have a somewhat thin skeletal structure. (Dex +2, Stealth)
You have a considerably increased reservoir of magic. (+20% MP)
You are occasionally teleported next to monsters.


Message History

You fall asleep.
The dream sheep barely misses you.
The spriggan rider hits you from afar with a spear!!
You wake up.
* * * LOW HITPOINT WARNING * * *
You slash the dream sheep!
The dream sheep is almost dead.
You block the dream sheep's attack.
You closely miss the dream sheep.
You headbutt the dream sheep, but do no damage.
The dream sheep is almost dead.
The spriggan rider hits you but does no damage.
The dream sheep bites you!
* * * LOW HITPOINT WARNING * * *
Unknown command.
The dream sheep shake their wool and sparkle.
You feel drowsy...
You fall asleep.
The dream sheep bites you but does no damage.
The spriggan rider hits you from afar with a spear!!!
You die...

*,..*.....,,*
**..♣....♣,,*
**..♣...**,** ***
*♣....,**,,*
*##,*♣♣♣
♣...,,***,*
#####.##...♣
♣.)♣*****,*
....÷#.....♣*
♣iY♣ *,,*
.......♣**..*
♣Y♣♣ **,**
#.##...♣ *♣.*
♣♣@♣ *,,*
#.#..#♣♣ ♣.♣♣♣..♣
**,* ....#♣
♣.♣...♣♣ *,,*
...## ♣....♣♣
***,,* #...#
♣♣.♣♣♣ *,,,***
#...♣ ♣...♣
*,,,,,* P...♣
♣..♣♣♣♣♣♣*,,,,,*
#...♣
♣.......♣*,,,,8*
#...♣
♣♣.♣.....♣*,,,,,*


You could see a spriggan rider and 2 dream sheep.

Vanquished Creatures
  A stone giant (Volcano)
  Nessos (Lair:6)
  2 hydras
  A two-headed ogre (D:10)
  6 death yaks (Lair:6)
  Nergalle (Lair:1)
  3 swamp dragons (Lair:1)
  A cyclops (D:12)
  8 elephants
  2 molten gargoyles (Volcano)
  5 black mambas
  12 spiny frogs
  A gargoyle (Volcano)
  3 centaur skeletons
  An efreet (Volcano)
  3 komodo dragons
  4 hornets
  4 polar bears
  A troll (Orc:1)
  Prince Ribbit (D:6)
  13 blink frogs
  5 hippogriffs
  2 fire elementals (Volcano)
  30 yaks
  9 spriggans (Lair:6)
  A human (D:7)
  6 hogs
  2 fire bats (Volcano)
  2 basilisks
  A hungry ghost (D:7)
  2 wargs (Orc:1)
  2 vampire mosquitoes (D:12)
  18 water moccasins
  9 porcupines
  11 orc warriors
  3 black bears (Lair:6)
  2 ice beasts (D:7)
  3 sky beasts
  3 ogres
  A necrophage (D:9)
  3 phantoms
  23 wolves
  2 boggarts (Lair:6)
  4 centaurs
  6 crocodiles
  10 bullfrogs
  An earth elemental (Volcano)
  5 scorpions
  14 killer bees
  4 howler monkeys
  2 crimson imps
  3 centaur zombies
  5 lava snakes (Volcano)
  A bullfrog zombie (D:12)
  4 hounds
  A bullfrog skeleton (D:12)
  6 orc priests
  2 jellies
  8 orc wizards
  2 worker ants
  3 hound skeletons
  2 howler monkey zombies
  11 adders
  3 gnolls (D:7)
  2 howler monkey skeletons
  A shadow imp (D:6)
  An adder zombie (D:7)
  2 adder skeletons (D:4)
  3 worms
  2 dart slugs
  2 leopard geckos
  38 orcs
  7 bats
  2 giant cockroaches
  5 goblins
  9 hobgoblins
  2 jackals (D:5)
  7 quokkas
  A ball python (Lair:2)
  3 frilled lizards
  A jackal skeleton (D:4)
  7 kobolds
  2 quokka skeletons (D:5)
  A quokka zombie (D:8)
  2 rats
  6 fungi
  4 plants
421 creatures vanquished.

Vanquished Creatures (others)
  An orc warlord (Orc:1)
  2 tengu warriors (D:12)
  A swamp dragon (Lair:1)
  A cyclops (D:12)
  A manticore (D:11)
  5 elephants
  A spiny frog (Lair:3)
  2 rime drakes
  A centaur skeleton (D:11)
  9 yaks
  An orc warrior (Orc:1)
  A sky beast (D:12)
  An ogre (D:8)
  2 wolves
  A crocodile (Lair:6)
  A killer bee (D:9)
  A crimson imp (D:5)
  A bullfrog zombie (D:11)
  A hound (D:12)
  A hound skeleton (D:5)
  A gnoll (D:7)
  An adder (D:7)
  An adder zombie (D:5)
  A quokka (D:4)
  A bush (Lair:5)
  10 fungi
  15 plants
65 creatures vanquished.

Grand Total: 486 creatures vanquished

Notes
Turn   | Place    | Note
-------+----------+-------------------------------------------
     0 | D:1      | dvd the Minotaur Chaos Knight began the quest for the Orb.
     0 | D:1      | Reached XP level 1. HP: 19/19 MP: 0/0
     0 | D:1      | Fell from the grace of Xom
   180 | D:1      | Reached XP level 2. HP: 27/27 MP: 1/1
   352 | D:1      | XOM: scenery: 2 doors open
   489 | D:2      | Reached XP level 3. HP: 33/33 MP: 2/2
   566 | D:2      | Reached XP level 4. HP: 14/41 MP: 3/3
   794 | D:2      | Found an opulent altar of Gozag.
  1113 | D:3      | XOM: summons 1 hostile demon
  1283 | D:3      | Reached skill level 5 in Axes
  1346 | D:3      | XOM: mild Necr miscast
  1721 | D:4      | Reached skill level 1 in Shields
  1769 | D:4      | XOM: 2-stop teleportation journey
  1771 | D:4      | Reached XP level 5. HP: 47/47 MP: 4/4
  1884 | D:4      | Noticed Sigmund
  1889 | D:4      | Banished Sigmund
  1889 | D:4      | XOM: give mutations
  1889 | D:4      | Gained mutation: You are partially covered in molten
                  | scales. (AC +2) [Xom's mischief]
  1889 | D:4      | Gained mutation: Your body sometimes deteriorates upon
                  | taking damage. [Xom's mischief]
  1944 | D:4      | Found an iron altar of Okawaru.
  1952 | D:4      | Became a worshipper of Warmaster Okawaru
  2142 | D:4      | Reached XP level 6. HP: 55/55 MP: 5/5
  2604 | D:4      | Found a stormy altar of Qazlal.
  2604 | D:4      | Found an ancient bone altar of Kikubaaqudgha.
  2696 | D:5      | Entered Level 5 of the Dungeon
  2698 | D:5      | XOM: enchant monster (bad)
  2703 | D:5      | Reached skill level 1 in Stealth
  2760 | D:5      | Noticed a sky beast
  2774 | D:5      | Killed a sky beast
  2774 | D:5      | Reached skill level 5 in Fighting
  2812 | D:5      | Found a staircase to the Ecumenical Temple.
  3026 | D:5      | XOM: summons 14 hostile demons
  3027 | D:5      | Noticed a rust devil
  3027 | D:5      | Noticed a sun demon
  3027 | D:5      | Noticed a red devil
  3117 | D:5      | XOM: mild Necr miscast
  3130 | D:5      | Reached XP level 7. HP: 53/60 MP: 6/6
  3495 | D:5      | XOM: summons 2 hostile demons
  3657 | D:6      | XOM: severe Ice miscast
  3724 | D:6      | XOM: give mutations
  3724 | D:6      | Gained mutation: You are robust. (+10% HP) [Xom's mischief]
  3724 | D:6      | Gained mutation: Armour fits poorly on your strangely
                  | shaped body. [Xom's mischief]
  3724 | D:6      | Lost mutation: You are robust. (+10% HP) [Xom's mischief]
  3724 | D:6      | Gained mutation: You are frail. (-10% HP) [Xom's mischief]
  3736 | D:6      | XOM: noise
  3759 | D:6      | XOM: give mutations
  3759 | D:6      | Lost mutation: Armour fits poorly on your strangely shaped
                  | body. [Xom's mischief]
  3759 | D:6      | Gained mutation: Your mind is acute. (Int +2) [Xom's
                  | mischief]
  3949 | D:6      | Reached skill level 5 in Armour
  4038 | D:6      | Noticed Prince Ribbit
  4398 | D:5      | XOM: medium Ice miscast
  4411 | D:5      | XOM: mild Hex miscast
  4527 | D:5      | Lost mutation: Your body sometimes deteriorates upon taking
                  | damage. [potion of mutation]
  4527 | D:5      | Lost mutation: You are frail. (-10% HP) [potion of
                  | mutation]
  4527 | D:5      | Lost mutation: Your mind is acute. (Int +2) [potion of
                  | mutation]
  4527 | D:5      | Gained mutation: Your flesh is heat resistant. (rF+)
                  | [potion of mutation]
  4527 | D:5      | Gained mutation: You tend to lose your temper in combat.
                  | [potion of mutation]
  4527 | D:5      | Gained mutation: You have a somewhat thin skeletal
                  | structure. (Dex +2, Stealth) [potion of mutation]
  4594 | D:6      | Killed Prince Ribbit
  4594 | D:6      | Reached * piety under Okawaru
  4594 | D:6      | Reached XP level 8. HP: 68/68 MP: 7/7
  5081 | D:6      | Found the +7 sceptre of Torment
  5110 | D:6      | XOM: give mutation
  5110 | D:6      | Gained mutation: You are frail. (-10% HP) [Xom's mischief]
  5312 | D:6      | XOM: summons 2 hostile shadow creatures
  5629 | D:7      | Reached skill level 5 in Shields
  5639 | D:7      | XOM: scenery: create altars
  5776 | D:7      | Noticed Harold
  5800 | D:7      | Reached ** piety under Okawaru
  5925 | D:7      | Banished Harold
  5925 | D:7      | Reached XP level 9. HP: 26/67 MP: 5/8
  6089 | D:7      | XOM: mild Chrm miscast
  6178 | D:7      | Reached *** piety under Okawaru
  6178 | D:7      | Reached skill level 1 in Invocations
  6234 | D:7      | XOM: mild Pois miscast
  6349 | D:7      | XOM: medium Ice miscast
  6608 | D:8      | Reached skill level 10 in Axes
  6670 | D:8      | XOM: noise
  6708 | D:8      | Identified a scroll of acquirement
  6709 | D:8      | Got a pitted lead ring
  6711 | D:8      | Identified the ring "Xuvayxen" {rC+ rN+ Str+7 Int-2 Stlth+}
                  | (You acquired it on level 8 of the Dungeon)
  6712 | D:8      | XOM: medium Tmut miscast
  6712 | D:8      | Was forgiven by Xom
  6871 | D:8      | Lost mutation: Your flesh is heat resistant. (rF+) [potion
                  | of mutation]
  6871 | D:8      | Lost mutation: You are partially covered in molten scales.
                  | (AC +2) [potion of mutation]
  6871 | D:8      | Lost mutation: You are frail. (-10% HP) [potion of
                  | mutation]
  6871 | D:8      | Gained mutation: You are partially covered in rugged brown
                  | scales. (AC +1, +3% HP) [potion of mutation]
  6871 | D:8      | Gained mutation: You are frail. (-10% HP) [potion of
                  | mutation]
  6871 | D:8      | Gained mutation: Your system is resistant to poisons.
                  | (rPois) [potion of mutation]
  6872 | D:8      | Lost mutation: You tend to lose your temper in combat.
                  | [potion of mutation]
  6872 | D:8      | Lost mutation: Your system is resistant to poisons. (rPois)
                  | [potion of mutation]
  6872 | D:8      | Lost mutation: You are frail. (-10% HP) [potion of
                  | mutation]
  6872 | D:8      | Gained mutation: You have an increased reservoir of magic.
                  | (+10% MP) [potion of mutation]
  6872 | D:8      | Gained mutation: You are occasionally teleported next to
                  | monsters. [potion of mutation]
  6872 | D:8      | Gained mutation: You have a considerably increased
                  | reservoir of magic. (+20% MP) [potion of mutation]
  7006 | D:8      | Reached XP level 10. HP: 88/88 MP: 12/12
  7231 | D:9      | Found a transporter.
  7233 | D:9      | Noticed poxu's ghost (novice CeHu)
  7251 | D:9      | Found a transporter.
  7540 | D:9      | Noticed Erolcha
  7543 | D:9      | Paralysed by Erolcha for 7 turns
  7909 | D:9      | Paralysed by Erolcha for 7 turns
  7919 | D:9      | Banished Erolcha
  8286 | D:9      | Found a hazy altar of Hepliaklqana.
  8287 | D:9      | Found a glowing silver altar of Zin.
  8406 | D:10     | Entered Level 10 of the Dungeon
  8406 | D:10     | Noticed a two-headed ogre
  8450 | D:10     | Killed a two-headed ogre
  8450 | D:10     | Reached **** piety under Okawaru
  8450 | D:10     | Reached skill level 1 in Throwing
  8679 | D:10     | Found a blossoming altar of Fedhas.
  8712 | D:10     | Found Kixulas's Antique Armour Shop.
  8786 | D:10     | Noticed a fire dragon
  9169 | D:10     | Found a staircase to the Lair.
  9280 | D:11     | Reached skill level 10 in Shields
  9280 | D:11     | Reached skill level 1 in Evocations
  9455 | D:11     | Noticed a manticore
  9460 | D:11     | Banished a manticore
  9775 | D:11     | Reached XP level 11. HP: 96/96 MP: 14/14
 10255 | D:12     | Reached skill level 10 in Armour
 10318 | D:12     | Noticed Kirke
 10333 | D:12     | Banished Kirke
 10346 | D:12     | Found a staircase to the Orcish Mines.
 10515 | D:12     | Reached ***** piety under Okawaru
 10601 | D:12     | Noticed a tengu warrior
 10602 | D:12     | Noticed a tengu warrior
 10617 | D:12     | Banished a tengu warrior
 10753 | D:12     | Banished a tengu warrior
 10847 | D:12     | Found a deep blue altar of Sif Muna.
 11104 | Orc:1    | Entered Level 1 of the Orcish Mines
 11201 | Orc:1    | Noticed an orc warlord
 11487 | Orc:1    | Noticed Urug
 11493 | Orc:1    | Found a roughly hewn altar of Beogh.
 11507 | Orc:1    | Banished Urug
 11992 | Orc:1    | Banished an orc warlord
 11992 | Orc:1    | Reached XP level 12. HP: 93/107 MP: 12/15
 12403 | D:10     | Bought a faintly glowing plate armour for 924 gold pieces
 12413 | D:10     | Identified the cursed +1 plate armour "Cyvosy" {rC+} (You
                  | bought it in a shop on level 10 of the Dungeon)
 12718 | Lair:1   | Entered Level 1 of the Lair of Beasts
 12745 | Lair:1   | Noticed Nergalle
 12774 | Lair:1   | Killed Nergalle
 12813 | Lair:1   | Found a shimmering altar of Xom.
 12887 | Lair:1   | Found a transporter.
 12900 | Lair:1   | Found a transporter.
 12963 | Lair:1   | Got an ancient leather armour
 12974 | Lair:1   | Identified the +1 leather armour of Ycwoelu {+Inv Dex+7}
                  | (You found it on level 1 of the Lair of Beasts)
 13625 | Lair:2   | Received a gift from Okawaru
 13692 | Lair:2   | Found a staircase to the Snake Pit.
 13727 | Lair:2   | Reached skill level 10 in Fighting
 13895 | Lair:2   | Noticed a six-headed hydra
 13906 | Lair:2   | Killed a six-headed hydra
 14047 | Lair:2   | Found a staircase to the Swamp.
 14702 | Lair:3   | Reached XP level 13. HP: 116/116 MP: 17/17
 16504 | Lair:5   | Received a gift from Okawaru
 16659 | Lair:5   | Reached skill level 5 in Throwing
 17123 | Lair:6   | Entered Level 6 of the Lair of Beasts
 17218 | Lair:6   | Noticed Nessos
 17242 | Lair:6   | Killed Nessos
 17242 | Lair:6   | Received a gift from Okawaru
 17246 | Lair:6   | Got a faintly glowing broad axe {god gift}
 17249 | Lair:6   | Reached skill level 15 in Shields
 17256 | Lair:6   | Identified the +1 broad axe "Oste" {holy, rF+ Int+4}
                  | (Okawaru gifted it to you on level 6 of the Lair of Beasts)
 17332 | Lair:6   | Found a dark tunnel.
 17341 | Volcano  | Entered a volcano
 17631 | Volcano  | Found a bloodstained altar of Trog.
 17654 | Volcano  | Noticed a stone giant
 17666 | Volcano  | Killed a stone giant
 17666 | Volcano  | Reached XP level 14. HP: 104/127 MP: 19/19
 17888 | Lair:6   | Reached skill level 15 in Axes
 17891 | Lair:6   | Received a gift from Okawaru
 18098 | Lair:6   | Annihilated by a spriggan rider

Skill      XL: |  1  2  3  4  5  6  7  8  9 10 11 12 13 14 |
---------------+-------------------------------------------+-----
Axes           | 4 5 6 7 9 10 11 12 13 14 15 | 15.4
Fighting       | 4 5 6 7 9 10 11 | 11.6
Shields        | 1 2 3 4 7 9 10 12 13 15 | 15.7
Armour         | 3 4 5 7 9 10 11 12 | 12.7
Dodging        | 2 3 4 |  4.8
Stealth        | 1 2 3 |  3.1
Invocations    | 1 2 3 4 |  4.1
Throwing       | 1 2 3 5 |  5.2
Evocations     | 1 |  1.0

Action                   |  1- 3 |  4- 6 |  7- 9 | 10-12 | 13-15 || total
-------------------------+-------+-------+-------+-------+-------++-------
Melee: Hand axe          |    43 |   119 |   200 |   570 |   276 ||  1208
       Headbutt          |     5 |    16 |    47 |   153 |   136 ||   357
       Broad axe         |       |       |       |       |   169 ||   169
Throw: Tomahawk          |       |       |       |    36 |    28 ||    64
Invok: Renounce Religion |     1 |       |       |       |       ||     1
       Heroism           |       |       |     4 |    30 |     9 ||    43
Evoke: Wand              |       |       |       |     3 |       ||     3
  Use: Scroll            |       |       |    11 |    11 |     7 ||    29
       Potion            |       |       |    13 |     6 |     1 ||    20
 Stab: Sleeping          |       |     1 |       |       |       ||     1
       Invisible         |       |       |       |     3 |       ||     3
  Eat: Chunk             |       |     6 |    10 |    21 |    11 ||    48
       Ration            |       |       |     1 |     1 |       ||     2
Armor: Leather armour    |    16 |    23 |       |       |       ||    39
       Chain mail        |       |    35 |    78 |    50 |       ||   163
       Plate armour      |       |       |       |    46 |    54 ||   100
       Scale mail        |       |       |       |       |    24 ||    24
Dodge: Dodged            |     5 |    19 |    29 |   112 |    97 ||   262
       Deflected         |       |       |       |       |     6 ||     6
Block: Large shield      |    18 |    71 |   149 |   378 |   382 ||   998
